 Dungeon Crawl Stone Soup version 0.29-a0-319-gad05b8d819 (webtiles) character file.

Game seed: 9073096305807978001

2602 Leszczynek the Twirler (level 9, 0/77 HPs)
             Began as a Palentonga Wanderer on Apr 1, 2022.
             Was a Believer of Ru.
             Slain by an orc warlord
             ... wielding a +0 broad axe
              (23 damage)
             ... in a bailey.
             The game lasted 00:23:47 (5111 turns).

Leszczynek the Twirler (Palentonga Wanderer)        Turns: 5111, Time: 00:23:47

Health: 0/77       AC: 16    Str: 19    XL:     9   Next: 33%
Magic:  9/9        EV: 13    Int: 13    God:    Ru [**....]
Gold:   163        SH:  0    Dex: 14    Spells: 8/8 levels left

rFire   + . .      SeeInvis +   b - +4 battleaxe
rCold   . . .      Faith    .   (shield currently unavailable)
rNeg    . . .      Spirit   .   p - +2 leather armour {rF+}
rPois   +          Reflect  .   i - +2 helmet
rElec   .          Harm     .   (no cloak)
rCorr   .          Rampage  .   (no gloves)
Will    .....                   (no barding)
Stlth   +.........              (no amulet)
HPRegen 0.22/turn               t - ring of poison resistance
MPRegen 0.11/turn               C - ring "Zemer" {EV+4 Dex+4}

@: hasted, curled up, very quick
A: large, rugged brown scales 3, see invisible, deformed body, no poison magic,
no summoning magic, no transmutations magic, unskilled 1, roll 1, armoured tail,
reflexive curl
a: Rolling Charge, Renounce Religion


You were in a bailey.
You worshipped Ru.
Ru was pleased with you.
You visited 1 branch of the dungeon, and saw 7 of its levels.
You also visited: Ossuary and Bailey.

You collected 247 gold pieces.
You spent 84 gold pieces at shops.

Inventory:

Hand Weapons
 a - a +2 quarterstaff
 b - a +4 battleaxe (weapon)
 B - a +0 mace
Missiles
 j - 16 boomerangs (quivered)
Armour
 i - a +2 helmet (worn)
 o - a +1 robe of resistance
 p - a +2 leather armour of fire resistance (worn)
Jewellery
 t - a ring of poison resistance (left hand)
 C - the ring "Zemer" (right hand) {EV+4 Dex+4}
   (You found it on level 7 of the Dungeon)

   [ring of evasion]

   EV:        It affects your evasion (+4).
   Dex:       It affects your dexterity (+4).
Scrolls
 h - a scroll of summoning {unknown}
 l - a scroll of noise {unknown}
 m - a scroll of magic mapping
 r - 3 scrolls of immolation {!r}
 s - a scroll of torment {unknown}
 u - a scroll of holy word {unknown}
 y - 3 scrolls of teleportation
 z - a scroll of enchant weapon {unknown}
 E - 2 scrolls of fear {unknown}
 F - a scroll of blinking {unknown}
 G - a scroll of fog {unknown}
Potions
 e - 2 potions of heal wounds {@q2}
 f - 7 potions of curing {@q1}
 g - a potion of resistance {unknown}
 n - 3 potions of flight
 q - 2 potions of ambrosia {unknown}
 v - 3 potions of attraction
 w - a potion of berserk rage {unknown}
 x - a potion of brilliance {unknown}
 A - a potion of degeneration {unknown}
 D - 2 potions of invisibility {unknown}


   Skills:
 + Level 7.6 Fighting
 * Level 2.7(3.1) Axes
 - Level 1.7(5.6) Maces & Flails
 - Level 7.9(8.0) Staves
 + Level 2.8 Throwing
 - Level 0.8 Armour
 - Level 0.8 Stealth
 - Level 0.8 Evocations


You had 8 spell levels left.
You didn't know any spells.
Your spell library contained the following spells:

 Spells                   Type           Power      Damage    Failure   Level
 Static Discharge         Conj/Air       0%         N/A       50%         2
 Dazzling Flash           Conj/Hex       0%         N/A       73%         3
 Dispel Undead            Necr           0%         3d6       98%         4
 Sticky Flame             Conj/Fire      0%         2d3       98%         4
 Agony                    Necr           0%         N/A       100%        5
 Fireball                 Conj/Fire      0%         3d3       100%        5
 Freezing Cloud           Conj/Ice/Air   0%         6-21      100%        5
 Silence                  Hex/Air        0%         N/A       100%        5
 Simulacrum               Ice/Necr       0%         N/A       100%        6
 Starburst                Conj/Fire      0%         6d3       100%        6
 Ignition                 Fire           0%         3d3       100%        8
 Polar Vortex             Ice            0%         N/A       100%        9
 Sting                    Tmut/Pois      Unusable   1d3       N/A         1
 Poisonous Vapours        Pois/Air       Unusable   N/A       N/A         2
 Olgreb's Toxic Radiance  Pois           Unusable   N/A       N/A         4

Dungeon Overview and Level Annotations

Branches:
Dungeon (7/15)             Temple (0/1) D:4         Ossuary (visited)
 Bailey (1/1)

Altars:
Dithmenos
Fedhas
Qazlal
Ru
Xom
Zin

Shops:
D:1 *:[[*   D:2 !   D:5 ?   D:7 *[

Annotations:
D:3 Sigmund


Innate Abilities, Weirdness & Mutations

You are completely covered in rugged brown scales. (AC +3, +7% HP)
You have supernaturally acute eyesight. (SInv)
Armour fits poorly on your strangely shaped body.
You cannot study or cast Poison magic.
You cannot study or cast Summoning magic.
You cannot study or cast Transmutations magic.
You are somewhat unskilled. (-1 Apt)
You can roll at nearby foes to attack.
You have a long armoured tail.
You curl defensively after being hit. (AC +7*)


Message History

The boomerang hits the orc warlord but does no damage.
The orc warlord is moderately wounded.
The orc warlord is no longer moving slowly.
Throw: dart (poison)
Press: ? - help, Q - select action, (/) - cycle Shift-Dir - straight line, f/p - orc warlord
Aim: an orc warlord, wielding a +0 broad axe and wearing a +0 plate armour (moderately wounded, poisoned, 73% to hit)
You throw a poisoned dart.
The poisoned dart closely misses the orc warlord.
The orc warlord looks more healthy.
Throw: dart (curare)
Press: ? - help, Q - select action, (/) - cycle Shift-Dir - straight line, f/p - orc warlord
Aim: an orc warlord, wielding a +0 broad axe and wearing a +0 plate armour (moderately wounded, 73% to hit)
You throw a curare-tipped dart.
The curare-tipped dart completely misses the orc warlord.
Okay, then.
You feel yourself speed up.
Okay, then.
You slice the orc warlord!!
The orc warlord is severely wounded.
You barely miss the orc warlord.
Your tail-slap misses the orc warlord.
The orc warlord is severely wounded.
The orc warlord hits you with a +0 broad axe!!
You barely miss the orc warlord.
The orc warlord is severely wounded.
The orc warlord splashes around in the water.
You hit the orc warlord but do no damage.
You tail-slap the orc warlord, but do no damage.
The orc warlord is severely wounded.
The orc warlord barely misses you.
The orc warlord hits you with a +0 broad axe!!
You hit the orc warlord but do no damage.
The orc warlord is heavily wounded.
The orc warlord splashes around in the water.
You slash the orc warlord!
The orc warlord is severely wounded.
The orc warlord hits you with a +0 broad axe!
You completely miss the orc warlord.
The orc warlord is severely wounded.
The orc warlord hits you with a +0 broad axe!!
You die...

♣...≈≈≈[##.........##.≈≈≈...♣
♣∩...≈≈≈)#≈...(∩....≈#.≈≈≈...∩
♣♣...≈≈≈.#≈.........≈#.≈≈≈...♣
♣...≈≈≈.#≈≈.8.).8.≈≈#.≈≈≈...♣
♣♣..###'###.......###'###..♣♣
♣.##....#≈.8...8.≈#....##.♣
♣##.....#≈≈≈≈≈≈≈≈≈#.....##♣
##......####o≈≈####......##
#...8......#@''#......8...#
#.................÷.......#
#.................).......#
##..8..8..........)8..8..##
##.......#######.......##
##.....## ##.....## ##...##
##...## ##### #####


You could see an orc warlord.

Vanquished Creatures
  Eustachio (D:5)
  4 orc warriors
  4 black bears
  An ice beast (D:7)
  2 sky beasts
  An ogre (D:5)
  A phantom (D:6)
  3 elf zombies (Ossuary)
  A kobold brigand (D:7)
  A necrophage (D:6)
  5 wights (D:7)
  A centaur zombie (Ossuary)
  4 hounds
  2 human zombies (Ossuary)
  2 jellies
  An orc priest (D:5)
  2 iguanas
  3 orc wizards
  2 mummies
  5 gnolls
  8 adders
  3 white imps
  15 orcs
  6 endoplasms
  5 giant cockroaches
  12 hobgoblins
  5 jackals
  17 kobolds
  3 quokkas
  4 bats
  2 frilled lizards
  8 goblins
  A goblin zombie (Ossuary)
  6 hobgoblin zombies (Ossuary)
  3 jackal zombies (Ossuary)
  7 kobold zombies
  14 orc zombies (Ossuary)
  A rat (D:2)
  2 rat zombies (Ossuary)
168 creatures vanquished.

Vanquished Creatures (others)
  13 plants (D:4)
13 creatures vanquished.

Grand Total: 181 creatures vanquished

Notes
Turn   | Place    | Note
-------+----------+-------------------------------------------
     0 | D:1      | Leszczynek the Palentonga Wanderer began the quest for the
                  | Orb.
     0 | D:1      | Leszczynek set off with the following items: a +2
                  | quarterstaff, a +0 mace, a +0 scale mail, a potion of haste
     0 | D:1      | Reached XP level 1. HP: 17/17 MP: 1/1
   104 | D:1      | Reached XP level 2. HP: 9/23 MP: 2/2
   314 | D:1      | Found Fixupp's Armour Shoppe.
   325 | D:1      | Found Fulef's Assorted Antiques.
   437 | D:1      | Found Biesaw's Armour Emporium.
   622 | D:1      | Found Vuozash's Assorted Antiques.
   641 | D:1      | Found Pupez's Book Shop.
   717 | D:2      | Reached skill level 4 in Staves
   717 | D:2      | Reached XP level 3. HP: 28/29 MP: 3/3
   795 | D:2      | Found a shimmering altar of Xom.
   851 | D:2      | Found Saytz's Distillery.
   978 | D:3      | Noticed a sky beast
  1023 | D:3      | Reached XP level 4. HP: 35/36 MP: 4/4
  1025 | D:3      | Reached skill level 3 in Fighting
  1055 | D:3      | Found a shadowy altar of Dithmenos.
  1199 | D:3      | Found a sacrificial altar of Ru.
  1207 | D:3      | Became a worshipper of Ru the Awakened
  1275 | D:3      | Noticed Sigmund
  1740 | D:4      | Reached skill level 5 in Staves
  1740 | D:4      | Reached XP level 5. HP: 30/44 MP: 5/5
  1748 | D:4      | Noticed a sky beast
  1958 | D:4      | Reached skill level 4 in Fighting
  1999 | D:4      | Found a staircase to the Ecumenical Temple.
  2002 | D:4      | Found a glowing silver altar of Zin.
  2025 | D:4      | Found a blossoming altar of Fedhas.
  2095 | D:5      | Entered Level 5 of the Dungeon
  2104 | D:5      | Noticed a black bear
  2110 | D:5      | Killed a black bear
  2111 | D:5      | Reached XP level 6. HP: 47/52 MP: 6/6
  2115 | D:5      | Found a sand-covered staircase.
  2146 | Ossuary  | Entered an ossuary
  2207 | Ossuary  | Gained mutation: You cannot study or cast Poison magic. [Ru
                  | sacrifice]
  2207 | Ossuary  | Gained mutation: You cannot study or cast Transmutations
                  | magic. [Ru sacrifice]
  2207 | Ossuary  | Gained mutation: You cannot study or cast Summoning magic.
                  | [Ru sacrifice]
  2207 | Ossuary  | Reached * piety under Ru
  2358 | Ossuary  | Reached skill level 5 in Fighting
  2358 | Ossuary  | Reached skill level 6 in Staves
  2427 | Ossuary  | HP: 10/54 [mummy (13)]
  2476 | Ossuary  | Gained mutation: You curl defensively after being hit. (AC
                  | +7*) [Palentonga growth]
  2476 | Ossuary  | Reached XP level 7. HP: 16/59 MP: 7/7
  2851 | D:5      | Reached skill level 6 in Fighting
  2992 | D:5      | Reached skill level 7 in Staves
  3164 | D:5      | Found Jyvuaq's Magic Scroll Shop.
  3167 | D:5      | Bought a scroll of identify for 24 gold pieces
  3167 | D:5      | Bought a scroll of identify for 24 gold pieces
  3167 | D:5      | Bought a scroll of teleportation for 36 gold pieces
  3186 | D:5      | Noticed Eustachio
  3205 | D:5      | Killed Eustachio
  3423 | D:4      | Reached XP level 8. HP: 28/69 MP: 8/8
  3767 | D:5      | Reached skill level 7 in Fighting
  3892 | D:6      | Reached skill level 8 in Staves
  3892 | D:6      | Reached skill level 1 in Throwing
  4103 | D:6      | Reached skill level 2 in Throwing
  4165 | D:7      | Found a stormy altar of Qazlal.
  4269 | D:7      | Reached skill level 8 in Fighting
  4269 | D:7      | Reached XP level 9. HP: 57/79 MP: 9/9
  4309 | D:7      | Reached skill level 1 in Axes
  4331 | D:7      | Identified the ring "Zemer" {EV+4 Dex+4}
  4343 | D:7      | Found Runa's Antique Armour Shop.
  4391 | D:7      | Found Fyjorherr's Assorted Antiques.
  4419 | D:7      | Found a flagged portal.
  4554 | Bailey   | Entered a bailey
  4565 | Bailey   | Reached skill level 2 in Axes
  4566 | Bailey   | Noticed an orc warlord
  4620 | Bailey   | HP: 11/79 [orc warrior/+0 war axe (8)]
  4623 | Bailey   | Reached skill level 3 in Throwing
  4833 | Bailey   | Gained mutation: You are somewhat unskilled. (-1 Apt) [Ru
                  | sacrifice]
  4833 | Bailey   | Reduced skill Fighting to level 7
  4833 | Bailey   | Reduced skill Maces & Flails to level 1
  4833 | Bailey   | Reduced skill Staves to level 7
  4833 | Bailey   | Reduced skill Throwing to level 2
  4833 | Bailey   | Reduced skill Armour to level 0
  4833 | Bailey   | Reduced skill Stealth to level 0
  4833 | Bailey   | Reduced skill Evocations to level 0
  4833 | Bailey   | Reached ** piety under Ru
  4834 | Bailey   | Found a runed translucent gate.
  4836 | Bailey   | Found a runed translucent gate.
  4837 | Bailey   | Found a runed translucent gate.
  5111 | Bailey   | Slain by an orc warlord

Illustrated notes

Levels and vault maps discovered:
D:1:      minmay_arrival_arboretum_small, layout_loops_ring, serial_shops, shop,
          nicolae_shop_statue_plus, nicolae_shop_behind_doors,
          nicolae_shop_hallway_stairs, shop
D:2:      layout_rooms, basic_altar, serial_shops, shop, minmay_liquid_box
D:3:      layout_loops_corners, nicolae_ru_path_of_blood,
          mainiacjoe_overflow_alcove_2, overflow_temple_1_default,
          minmay_checkerbox, uniq_sigmund, uniq_terence
D:4:      layout_cave_pools, fedhas_altar_decomposition,
          mainiacjoe_overflow_paths, minmay_temple_entry_purple_smoke,
          hangedman_decor_peaks_small
D:5:      layout_basic, nicolae_ossuary_entry_giza, serial_shops, shop,
          uniq_eustachio
D:6:      layout_basic, mainiacjoe_overflow_alcove_4, uniq_maggie, uniq_duvessa
D:7:      minmay_spotlight, layout_rooms, lemuel_tele_altar, serial_shops,
          nicolae_shop_behind_doors, shop, nicolae_shop_statue_plus,
          nicolae_shop_competitors_out_of_business,
          nicolae_shop_bloodbath_and_beyond, enter_bailey_2, uniq_joseph
Bailey:   bailey_axe_bossmonster_kennysheep, bailey

Skill      XL: |  1  2  3  4  5  6  7  8  9 |
---------------+----------------------------+-----
Staves         | 4 5 6 7 8 7 |  7.9
Fighting       | 3 4 5 6 8 7 |  7.6
Throwing       | 2 2 |  2.8
Axes           | 2 |  2.7
Maces & Flails | 1 |  1.7
Armour         | 0 |  0.8
Stealth        | 0 |  0.8
Evocations     | 0 |  0.8

Action                   |  1- 3 |  4- 6 |  7- 9 || total
-------------------------+-------+-------+-------++-------
Melee: Quarterstaff      |    65 |   187 |   191 ||   443
       Tailslap          |    10 |    23 |    28 ||    61
       Battleaxe         |       |       |    66 ||    66
Throw: Dart              |     1 |     4 |     7 ||    12
       Boomerang         |       |    18 |    29 ||    47
Invok: Sacrifice Arcana  |       |     1 |       ||     1
       Sacrifice Skill   |       |       |     1 ||     1
 Abil: Rolling Charge    |     1 |       |     2 ||     3
  Use: Scroll            |       |     3 |     5 ||     8
       Potion            |       |       |     4 ||     4
 Stab: Distracted        |     1 |     1 |       ||     2
       Sleeping          |       |     3 |       ||     3
Armor: Scale mail        |    35 |     4 |       ||    39
       Robe              |       |    95 |    52 ||   147
       Leather armour    |       |       |    38 ||    38
Dodge: Dodged            |    25 |    82 |   104 ||   211

Table legend: (Time is in decaauts)
 A = Elapsed time spent in this place.
 B = Non-inter-level travel time spent in this place.
 C = Inter-level travel time spent in this place.
 D = Time resting spent in this place.
 E = Time spent auto-exploring this place.
 F = Levels seen in this place.
 G = Mean time per level.
                   A        B        C        D        E       F      G
               +--------+--------+--------+--------+--------+-----+--------+
         Total |   5136 |   4938 |    198 |   1457 |    175 |   9 |  570.7 |
       Dungeon |   3928 |   3730 |    198 |   1004 |    175 |   7 |  561.1 |
       Ossuary |    626 |    626 |      0 |    169 |      0 |   1 |  626.0 |
        Bailey |    581 |    581 |      0 |    284 |      0 |   1 |  581.0 |
               +--------+--------+--------+--------+--------+-----+--------+

Top non-repeatable levels by time:
     D:4: 850 daAuts
     D:5: 804 daAuts
     D:1: 686 daAuts
 Ossuary: 626 daAuts
  Bailey: 581 daAuts
     D:3: 520 daAuts
     D:7: 420 daAuts
     D:2: 330 daAuts
     D:6: 315 daAuts
